 Dungeon Crawl Stone Soup version 0.27.1-4-g1640c2035a (webtiles) character file.

Game seed: 11586418243707636337

26 Spinowolf the Magician (level 3, -5/28 HPs)
             Began as a Gnoll Wanderer on Nov 15, 2021.
             Was a Follower of Qazlal.
             Slain by a gnoll (7 damage)
             ... on level 2 of the Dungeon.
             The game lasted 00:26:51 (643 turns).

Spinowolf the Magician (Gnoll Wanderer)              Turns: 643, Time: 00:26:52

Health: -5/28      AC:  4    Str: 11    XL:     3   Next: 8%
Magic:  10/11      EV: 11    Int:  9    God:    Qazlal [*.....]
Gold:   7          SH:  2    Dex: 14    Spells: 12/16 levels left

rFire    . . .     SeeInvis .   f - +0 spear
rCold    . . .     Faith    .   (no shield)
rNeg     . . .     Spirit   .   e - +1 leather armour
rPois    .         Reflect  .   (no helmet)
rElec    .         Harm     .   (no cloak)
rCorr    .         Rampage  .   (no gloves)
Will     .....                  (no boots)
Stlth    +.........             (no amulet)
HPRegen  0.09/turn              (no ring)
MPRegen  0.12/turn              (no ring)

@: no status effects
A: fangs 1, strong nose, distributed training
a: Renounce Religion


You were on level 2 of the Dungeon.
You worshipped Qazlal.
Qazlal was aware of your devotion.
You visited 1 branch of the dungeon, and saw 2 of its levels.

You collected 7 gold pieces.

Inventory:

Hand Weapons
 a - a +0 dagger
 d - a +0 dagger
 f - a +0 spear (weapon)
 h - a +0 short sword
 i - a +0 dagger
 k - a +0 club
Armour
 b - a +0 robe
 e - a +1 leather armour (worn)
Magical Staves
 g - a staff of death
Scrolls
 j - a scroll of immolation {unknown}
Potions
 c - a potion of attraction


   Skills:
 + Level 2.5 Fighting
 + Level 0.6 Short Blades
 + Level 0.6 Long Blades
 + Level 0.6 Axes
 + Level 0.6 Maces & Flails
 + Level 0.6 Polearms
 + Level 0.6 Staves
 + Level 0.6 Slings
 + Level 0.6 Bows
 + Level 0.6 Crossbows
 + Level 4.5 Throwing
 + Level 4.5 Armour
 + Level 0.6 Dodging
 + Level 0.6 Stealth
 + Level 0.6 Shields
 + Level 0.6 Unarmed Combat
 + Level 7.1 Spellcasting
 + Level 3.7 Conjurations
 + Level 0.4 Hexes
 + Level 0.4 Summonings
 + Level 0.4 Necromancy
 + Level 0.4 Translocations
 + Level 0.4 Transmutations
 + Level 0.4 Fire Magic
 + Level 0.4 Ice Magic
 + Level 0.4 Air Magic
 + Level 0.4 Earth Magic
 + Level 0.4 Poison Magic
 + Level 0.8 Invocations
 + Level 0.6 Evocations


You had 12 spell levels left.
You knew the following spells:

 Your Spells              Type           Power      Damage    Failure   Level
a - Magic Dart            Conj           36%        1d4       5%          1
b - Freeze                Ice            16%        1d4       21%         1
c - Call Imp              Summ           4%         N/A       30%         2

Your spell library contained the following spells:

 Spells                   Type           Power      Damage    Failure   Level
 Blink                    Tloc           N/A        N/A       30%         2
 Slow                     Hex            4%         N/A       30%         2
 Conjure Flame            Conj/Fire      7%         6-21      32%         3
 Mephitic Cloud           Conj/Pois/Air  6%         N/A       36%         3
 Frozen Ramparts          Ice            8%         1d2       52%         3
 Hailstorm                Conj/Ice       7%         3d4       71%         4


Dungeon Overview and Level Annotations

Branches:
Dungeon (2/15)

Altars:
Qazlal


Innate Abilities, Weirdness & Mutations

You have very sharp teeth.
Your uncanny sense of smell can sniff out nearby items.
Your experience applies equally to all skills.


Message History

You have reached level 3!
Your experience leads to an increase in your attributes!
Increase (S)trength, (I)ntelligence, or (D)exterity?
You feel stronger.
Unknown command.
You start resting.
Magic restored.
You start resting.
A gnoll comes into view. It is wielding a +0 club.
The gnoll shouts!
You hear a shout!
A gnoll comes into view. It is wielding a +0 club.
Casting: Magic Dart (safe; 5% risk of failure)
Confirm with . or Enter, or press ? or * to list all spells.
Aiming: Magic Dart (safe; 5% risk of failure)
Press: ? - help, Shift-Dir - straight line, f - gnoll
Aim: a gnoll, wielding a +0 club (100% to hit)
You miscast Magic Dart.
You are very lightly contaminated with residual magic.
Nothing appears to happen.
You hit the gnoll. Your bite misses the gnoll.
The gnoll is lightly wounded.
The gnoll hits you but does no damage.
You barely miss the gnoll. You block the gnoll's attack.
Your magical contamination has completely faded away.
Casting: Magic Dart (safe; 5% risk of failure)
Confirm with . or Enter, or press ? or * to list all spells.
Aiming: Magic Dart (safe; 5% risk of failure)
Press: ? - help, Shift-Dir - straight line, f - gnoll
Aim: a gnoll, wielding a +0 club (100% to hit)
The gnoll hits you with a +0 club.
* * * LOW HITPOINT WARNING * * *
You hit the gnoll but do no damage. The gnoll hits you with a +0 club.
* * * LOW HITPOINT WARNING * * *
The gnoll hits you but does no damage.
Your leather armour prevents you from hitting the gnoll.
The gnoll hits you but does no damage. The gnoll hits you with a +0 club.
* * * LOW HITPOINT WARNING * * *
You barely miss the gnoll. Your bite misses the gnoll.
The gnoll closely misses you. The gnoll hits you with a +0 club!
You die...

#.# ##.### ####.
#####....# #....
#.....##.##....
#.....##.#...#
#####.._..##....#
##...#...........##
##.....g...........#
#)....@g.....###...#
#.....°.##..##
#...####
#..........##
#....†.#
##......####
######.. #.......##
### #........##
#.......>.#
##...<..#.#
##...#.#......#


You could see 2 gnolls.

Vanquished Creatures
  An adder (D:2)
  A dart slug (D:1)
  4 ball pythons
  An endoplasm (D:1)
  2 hobgoblins
  A quokka (D:2)
  2 bats
  2 goblins
  2 kobolds (D:2)
16 creatures vanquished.

Notes
Turn   | Place    | Note
-------+----------+-------------------------------------------
     0 | D:1      | Spinowolf the Gnoll Wanderer began the quest for the Orb.
     0 | D:1      | Spinowolf set off with the following items: a +0 dagger, a
                  | +0 robe, a potion of curing; and the following spells
                  | available to memorise: Magic Dart, Conjure Flame, Blink,
                  | Call Imp, Slow, Mephitic Cloud
     0 | D:1      | Reached XP level 1. HP: 17/17 MP: 8/8
   182 | D:1      | Learned a level 1 spell: Magic Dart
   303 | D:1      | Learned a level 1 spell: Freeze
   310 | D:1      | Reached XP level 2. HP: 14/23 MP: 10/10
   412 | D:2      | Learned a level 2 spell: Call Imp
   435 | D:2      | Found a faded altar of an unknown god.
   447 | D:2      | Became a worshipper of Qazlal Stormbringer
   447 | D:2      | Reached * piety under Qazlal
   531 | D:2      | Reached XP level 3. HP: 3/28 MP: 9/11
   643 | D:2      | Slain by a gnoll

Illustrated notes

Levels and vault maps discovered:
D:1:      saegor_arrival_simple_b, layout_loops_ring, minmay_3d_cube
D:2:      layout_rooms, ebering_ecumenical_altar_sacrificial

Action                   || total
-------------------------++-------
Melee: Spear             ||    60
       Dagger            ||    11
       Bite              ||     7
 Cast: Magic Dart        ||     2
  Use: Potion            ||     3
       Scroll            ||     3
 Stab: Sleeping          ||     1
Armor: Leather armour    ||    16
       Robe              ||     2
Dodge: Dodged            ||    38
Block: Other             ||     5
